Map: 2000 Atmospheres LE

Players

MeomaikA - Winner!

  • Race: Zerg Zerg

Quantel

  • Race: Protoss Protoss

Event: DreamHack SC2 Masters 2021 Winter

VOD

Have the link to the VOD?

Description

Time

  • Played on: Sept. 29, 2021, 5:29 a.m.
  • Length: 10:50

All games in this series

Show
View Real Time Build Order
Export as new Build Order

MeomaikA Zerg - Winner!

Build Orders: Pool First 

Get SALT Encoding   

  12  0:00  Drone  
  13  0:08  Drone  
  14  0:16  Overlord  
  14  0:23  Extractor  
  14  0:24  Drone  
  15  0:34  Drone x2  
  17  0:44  Spawning Pool  
  17  0:46  Drone  
  17  1:08  Hatchery  
  17  1:10  Drone  
  17  1:12  Extractor  
  17  1:15  Drone  
  17  1:20  Drone  
  18  1:30  Zergling x2  
  18  1:32  Queen  
  21  1:37  Drone  
  22  1:48  Overlord  
  22  2:06  Drone  
  22  2:08  Queen  
  25  2:10  Drone  
  25  2:11  Metabolic Boost  
  26  2:20  Drone  
  26  2:22  Drone  
  28  2:31  Drone x2  
  30  2:41  Drone x2  
  30  2:42  Hatchery  
  31  2:44  Drone  
  31  2:47  Drone  
  31  2:50  Drone  
  34  2:54  Overlord  
  34  2:57  Drone  
  35  3:02  Drone  
  36  3:06  Lair  
  36  3:08  Extractor  
  36  3:09  Drone  
  36  3:16  Zergling x2  
  36  3:17  Zergling x4  
  36  3:18  Zergling x2  
  40  3:22  Drone  
  40  3:26  Spore Crawler  
  40  3:28  Spore Crawler  
  40  3:29  Overlord  
  40  3:32  Drone  
  40  3:35  Drone  
  40  3:39  Drone  
  42  3:43  Queen  
  42  3:48  Drone x2  
  46  3:50  Drone  
  46  3:51  Drone  
  46  3:54  Drone  
  49  3:56  Drone  
  49  3:58  Drone  
  49  4:00  Drone  
  52  4:04  Drone x2  
  52  4:08  Hydralisk Den  
  53  4:11  Overlord  
  53  4:16  Drone x2  
  55  4:18  Overlord  
  55  4:23  Overlord  
  55  4:25  Zergling x2  
  56  4:37  Hydralisk x3, Grooved Spines  
  62  4:38  Hydralisk  
  62  4:41  Hydralisk  
  62  4:45  Hydralisk  
  67  4:49  Drone  
  67  4:54  Hydralisk  
  67  4:59  Zergling x12  
  76  5:00  Zergling x4  
  76  5:01  Zergling x2  
  76  5:02  Zergling x2  
  76  5:03  Overseer  
  76  5:05  Drone  
  80  5:08  Drone  
  80  5:09  Extractor  
  80  5:10  Zergling x4  
  80  5:13  Overlord  
  82  5:16  Overlord  
  82  5:23  Overlord  
  82  5:32  Hydralisk x3, Overlord  
  82  5:33  Zergling x4  
  82  5:35  Zergling x6  
  92  5:37  Zergling x2  
  92  5:38  Zergling x2  
  92  5:40  Zergling x2  
  92  5:41  Zergling x2  
  95  5:44  Zergling x2  
  95  5:47  Hydralisk x2  
  100  5:52  Hydralisk  
  100  5:56  Zergling x2  
  103  6:01  Zergling x2  
  103  6:02  Zergling x2  
  103  6:03  Drone x3  
  104  6:12  Drone  
  104  6:14  Drone x2  
  104  6:15  Drone x2, Overlord  
  104  6:16  Drone  
  108  6:18  Drone  
  108  6:19  Drone  
  108  6:25  Hydralisk  
  105  6:26  Drone, Muscular Augments  
  105  6:27  Drone x3  
  105  6:28  Drone  
  107  6:36  Overlord  
  107  6:37  Drone  
  107  6:38  Drone  
  104  6:41  Extractor  
  104  6:42  Spire  
  104  6:46  Drone  
  100  6:48  Drone x2  
  99  6:56  Drone x2  
  99  6:57  Drone  
  99  6:59  Hydralisk  
  99  7:00  Hydralisk  
  106  7:01  Hydralisk  
  106  7:04  Drone x2  
  106  7:06  Overlord  
  109  7:09  Hatchery  
  109  7:15  Hydralisk x3  
  110  7:20  Overlord  
  110  7:21  Hydralisk  
  110  7:22  Hydralisk  
  110  7:24  Drone x2  
  110  7:25  Zergling x2  
  109  7:30  Hydralisk  
  109  7:32  Hydralisk, Overlord  
  109  7:33  Zergling x4  
  109  7:35  Extractor  
  109  7:37  Hydralisk  
  109  7:38  Zergling x4  
  114  7:44  Drone x3  
  114  7:46  Drone x2  
  118  7:51  Hydralisk x2  
  118  7:53  Extractor  
  118  7:54  Hydralisk, Extractor  
  118  7:56  Queen  
  124  8:01  Zergling x2  
  125  8:06  Zergling x4  
  125  8:09  Overlord  
  125  8:10  Drone x5  
  132  8:14  Overlord  
  132  8:17  Overlord  
  132  8:21  Overlord  
  131  8:47  Corruptor x8  
  143  8:49  Zergling x10  
  143  8:50  Zergling x4  
  143  8:51  Zergling x4  
  148  9:01  Zergling x4  
  148  9:06  Zergling x2  
  148  9:08  Zergling x2  
  148  9:09  Corruptor x2  
  152  9:11  Zergling x2  
  152  9:12  Zergling x2  
  152  9:15  Zergling x2  
  148  9:23  Zergling x4  
  141  9:26  Drone  
  141  9:28  Drone x2  
  141  9:29  Drone  
  145  9:33  Drone  
  145  9:34  Drone  
  145  9:36  Hydralisk  
  149  9:40  Queen  
  149  9:41  Hydralisk, Queen  
  149  9:42  Hydralisk x2  
  149  9:43  Zergling x2  
  158  9:48  Zergling x4  
  158  9:50  Infestation Pit  
  158  9:52  Evolution Chamber  
  157  9:55  Hydralisk x2  
  157  9:56  Hydralisk  
  157  9:57  Hydralisk x2  
  167  10:00  Overlord  
  147  10:31  Zergling x2  
Show
View Real Time Build Order
Export as new Build Order

Quantel Protoss 

Build Orders: 1 Gate Expand 

Get SALT Encoding   

  12  0:00  Probe  
  13  0:12  Probe  
  14  0:18  Pylon  
  14  0:24  Probe (Chrono Boost)  
  15  0:36  Probe (Chrono Boost)  
  15  0:39  Gateway  
  16  0:45  Probe (Chrono Boost)  
  16  0:46  Assimilator  
  17  0:51  Probe  
  18  1:03  Probe (Chrono Boost)  
  19  1:04  Assimilator  
  19  1:14  Probe (Chrono Boost)  
  20  1:18  Probe (Chrono Boost)  
  21  1:26  Cybernetics Core  
  21  1:40  Nexus  
  21  1:46  Pylon  
  21  1:48  Probe  
  22  2:01  Probe  
  23  2:02  Adept (Chrono Boost)  
  25  2:13  Probe  
  25  2:14  Stargate  
  26  2:21  Warp Gate  
  26  2:25  Probe  
  27  2:37  Stalker, Probe  
  30  2:49  Void Ray (Chrono Boost), Probe  
  31  2:52  Probe  
  36  3:01  Probe  
  36  3:04  Probe  
  38  3:08  Pylon  
  38  3:13  Probe  
  38  3:16  Probe (Chrono Boost)  
  38  3:17  Adept  
  38  3:19  Forge  
  42  3:24  Assimilator  
  42  3:26  Assimilator  
  43  3:28  Probe (Chrono Boost)  
  43  3:30  Probe (Chrono Boost)  
  44  3:37  Probe (Chrono Boost)  
  44  3:40  Probe (Chrono Boost), Shield Battery  
  46  3:43  Probe  
  47  3:49  Probe  
  47  3:54  Fleet Beacon  
  48  3:59  Probe  
  48  4:02  Probe  
  50  4:09  Stargate  
  50  4:14  Probe  
  50  4:15  Probe  
  52  4:24  Pylon  
  52  4:26  Probe  
  52  4:27  Pylon  
  53  4:33  Probe  
  54  4:39  Protoss Air Weapons Level 1  
  59  4:49  Tempest (Chrono Boost)  
  59  4:52  Probe x2  
  61  4:53  Tempest (Chrono Boost)  
  61  4:56  Photon Cannon  
  62  5:00  Pylon  
  62  5:09  Adept  
  64  5:22  Tempest (Chrono Boost)  
  64  5:26  Tempest (Chrono Boost)  
  74  5:29  Probe x2  
  75  5:41  Pylon  
  73  5:44  Pylon  
  73  5:47  Photon Cannon, Nexus  
  73  5:48  Pylon  
  73  5:58  Tempest (Chrono Boost)  
  73  6:01  Tempest (Chrono Boost)  
  83  6:08  Probe x2  
  85  6:16  Adept  
  87  6:22  Probe x2  
  86  6:34  Probe  
  86  6:37  Probe  
  83  6:43  Tempest x2 (Chrono Boost)  
  83  6:46  Probe  
  89  7:03  Nexus  
  89  7:07  Pylon  
  89  7:18  Tempest (Chrono Boost)  
  93  7:33  Pylon  
  93  7:34  Pylon  
  93  7:37  Pylon  
  93  7:46  Nexus, Pylon  
  93  7:48  Tempest (Chrono Boost)  
  93  7:51  Shield Battery  
  93  7:53  Void Ray (Chrono Boost), Shield Battery  
  93  7:55  Protoss Air Weapons Level 2  
  98  8:00  Zealot  
  104  8:06  Photon Cannon  
  104  8:08  Photon Cannon  
  104  8:09  Probe x2, Shield Battery  
  101  8:28  Tempest (Chrono Boost)  
  106  8:39  Probe x2  
  108  8:44  Assimilator  
  108  8:48  Assimilator  
  98  8:50  Twilight Council  
  98  8:51  Probe  
  98  8:52  Gateway  
  98  8:53  Gateway  
  99  8:57  Gateway  
  99  9:02  Unknown  
  99  9:03  Probe  
  99  9:06  Carrier (Chrono Boost)  
  99  9:09  Carrier (Chrono Boost)  
  112  9:17  Probe  
  113  9:19  Probe  
  100  9:37  Photon Cannon, Shield Battery  
  85  9:48  Void Ray (Chrono Boost)  
  85  9:49  Pylon  
  85  9:50  Templar Archives  
  93  10:00  Void Ray (Chrono Boost)  
  93  10:06  Pylon  
  93  10:08  Photon Cannon  
  92  10:20  Zealot x4  

Tags
 
Add a new tag
Caveats
  • Supply blocks, unpowered buildings, or Contaminate may cause inaccurate times.
  • Supply counts are checked every 10 seconds.